 Dungeon Crawl Stone Soup version 0.30.2 (webtiles) character file.

Game seed: 11437062065339562337

1112 porpoise the Skirmisher (level 8, -4/62 HPs)
             Began as a Human Hunter on Mar 7, 2024.
             Was an Initiate of Hepliaklqana.
             Slain by a lemure (8 damage)
             ... led by Pikel
             ... on level 6 of the Dungeon.
             The game lasted 00:12:40 (5580 turns).

porpoise the Skirmisher (Human Hunter)              Turns: 5580, Time: 00:12:41

Health: -4/62      AC:  7    Str: 11    XL:     8   Next: 59%
Magic:  8/8        EV: 12    Int: 11    God:    Hepliaklqana [......]
Gold:   285        SH:  0    Dex: 18    Spells: 7/7 levels left

rFire   . . .        a - +0 shortbow
rCold   . . .        (shield currently unavailable)
rNeg    . . .        t - +2 robe of the Undertaker {rPois}
rPois   +            H - +0 helmet
rElec   .            G - scarf {repulsion}
rCorr   .            n - +0 pair of gloves
SInv    .            B - +0 pair of boots
Will    .....        (no amulet)
Stlth   +++          (no ring)
HPRegen 0.30/turn    (no ring)
MPRegen 0.11/turn

%: repel missiles
@: no status effects
A: no striking features
a: Renounce Religion


You were on level 6 of the Dungeon.
You worshipped Hepliaklqana.
Hepliaklqana was noncommittal.
You visited 2 branches of the dungeon, and saw 7 of its levels.

You collected 405 gold pieces.
You spent 120 gold pieces at shops.

Inventory:

Hand Weapons
 a - a +0 shortbow (weapon)
 b - a +0 dagger of venom
 l - the +4 spear of Compassion {protect, rPois}
   (You found it on level 2 of the Dungeon)

   rPois:     It protects you from poison.
Missiles
 k - 13 poisoned darts
 u - 4 boomerangs
 E - a throwing net
Armour
 n - a +0 pair of gloves (worn)
 t - the +2 robe of the Undertaker (worn) {rPois}
   (You found it on level 4 of the Dungeon)

   rPois:     It protects you from poison.
 x - the +3 robe of Feidoaxa {rF+ rC+++ Dex-4}
   (You took it off a goblin on level 4 of the Dungeon)

   Dex:       It affects your dexterity (-4).
   rF:        It protects you from fire.
   rC:        It renders you almost immune to cold.
 B - a +0 pair of boots (worn)
 G - a scarf of repulsion (worn)
 H - a +0 helmet (worn)
Jewellery
 s - a +6 ring of strength
 y - an amulet of faith
 A - a ring of ice
Wands
 D - a wand of iceblast (4)
Scrolls
 c - 2 scrolls of enchant weapon {unknown}
 d - a scroll of poison
 e - a scroll of teleportation {unknown}
 h - a scroll of enchant armour {unknown}
 i - 2 scrolls of immolation
 m - 2 scrolls of fear
 o - 2 scrolls of blinking {unknown}
 v - a scroll of vulnerability {unknown}
 z - a scroll of magic mapping {unknown}
Potions
 f - 4 potions of heal wounds
 g - 7 potions of curing
 j - 2 potions of mutation
 p - a potion of berserk rage {unknown}
 q - 2 potions of flight {unknown}
 r - 2 potions of degeneration
 w - a potion of brilliance
 C - a potion of cancellation {unknown}
 F - a potion of magic {unknown}


   Skills:
 + Level 5.1 Fighting
 * Level 8.0 Ranged Weapons
 - Level 2.0 Dodging
 - Level 5.0 Stealth


You had 7 spell levels left.
You didn't know any spells.
Your spell library contained the following spells:

 Spells                   Type           Power      Damage    Failure   Level
 Sandblast                Erth           0%         2d4       34%         1
 Passwall                 Tmut/Erth      0%         N/A       47%         2
 Inner Flame              Hex/Fire       0%         N/A       71%         3
 Stone Arrow              Conj/Erth      0%         3d7       71%         3
 Flame Wave               Conj/Fire      0%         2d4       98%         4
 Sticky Flame             Conj/Fire      0%         2d3       98%         4
 Chain Lightning          Conj/Air       0%         N/A       100%        9
 Fire Storm               Conj/Fire      0%         5d1       100%        9
 Shatter                  Erth           0%         3d5*      100%        9


Dungeon Overview and Level Annotations

Branches:
Dungeon (6/15)             Temple (1/1) D:5

Altars:
Cheibriados
Fedhas
Hepliaklqana
Kikubaaqudgha
Makhleb
Ru
Trog
Uskayaw
Vehumet

Shops:
D:1 *   D:3 !

Annotations:
D:6 Pikel


Message History

Some rock shatters into small pieces.
The lemure closely misses you. The lemure hits you but does no damage.
You shoot an arrow. The arrow hits the lemure.
The lemure is lightly wounded.
The lemure misses you. The lemure hits you. x2
You shoot an arrow. The arrow hits the lemure!
The lemure is heavily wounded.
The lemure hits you but does no damage. The lemure hits you.
You shoot an arrow. The arrow closely misses the lemure.
The arrow hits the lemure.
The lemure is lightly wounded.
The lemure closely misses you. The lemure hits you.
You shoot an arrow. The arrow hits the lemure.
The lemure is heavily wounded.
The lemure closely misses you. Pikel closely misses you. The lemure hits you.
The lemure closely misses you.
You shoot an arrow.
The arrow hits Pikel but does no damage.
The lemure misses you. Pikel hits you but does no damage. The lemure hits you.
The lemure barely misses you.
You shoot an arrow.
The arrow hits Pikel but does no damage.
The lemure hits you! Pikel closely misses you. The lemure barely misses you.
The lemure hits you but does no damage.
You shoot an arrow. The arrow hits Pikel.
Pikel is lightly wounded.
The lemure misses you.
Pikel hits you with a +2 whip of flaming!
* * * LOW HITPOINT WARNING * * *
Pikel burns you.
* * * LOW HITPOINT WARNING * * *
The lemure completely misses you. The lemure closely misses you.
The lemure attacks as you move away! The lemure closely misses you.
The lemure attacks as you move away! The lemure hits you.
* * * LOW HITPOINT WARNING * * *
You hear a zap.
Some rock shatters into small pieces.
The lemure closely misses you. The lemure attacks as you move away!
The lemure hits you!
You die...

####..#.###.###
#.#
#.......#...#
#.#
#.#####...###
#.# #.# ###>#
#.# #.# ###.#
#.# #.# #...#
#.# #.#
#.[#######.#
#.# #..#......#
#.# #...@######
#.# #.#55## #.#
#.##..## #.#
#.##5K.####.#
####.#
#.#..........
#....#
#.##........#
#.####
#.########.##
#.####
#.........##
#....#
#########.#


You could see Pikel and 3 lemures.

Vanquished Creatures
  2 water moccasins
  A sky beast (D:6)
  2 ogres
  A lemure (D:6)
  A bullfrog (D:5)
  A scorpion (D:4)
  An orc priest (D:4)
  A jelly (D:5)
  A hound (D:5)
  2 sleepcaps
  Jessica (D:2)
  An iguana (D:4)
  6 orc wizards
  7 adders
  An ufetubus (D:6)
  3 dart slugs
  17 orcs
  2 ball pythons
  4 endoplasms
  4 giant cockroaches
  8 goblins
  6 hobgoblins
  12 jackals
  6 kobolds
  6 quokkas
  3 bats (D:1)
  4 rats
104 creatures vanquished.

Notes
Turn   | Place    | Note
-------+----------+-------------------------------------------
     0 | D:1      | porpoise the Human Hunter began the quest for the Orb.
     0 | D:1      | Reached XP level 1. HP: 16/16 MP: 1/1
    64 | D:1      | Reached XP level 2. HP: 18/22 MP: 2/2
   253 | D:1      | Found Setaj's General Store.
   581 | D:1      | Reached XP level 3. HP: 28/28 MP: 3/3
   917 | D:2      | Reached XP level 4. HP: 34/34 MP: 4/4
   926 | D:2      | Noticed Jessica
   930 | D:2      | Killed Jessica
  1202 | D:2      | Reached skill level 5 in Ranged Weapons
  1266 | D:2      | Identified the +4 spear of Compassion {protect, rPois}
  1410 | D:3      | Found a sacrificial altar of Ru.
  1896 | D:3      | Reached XP level 5. HP: 40/40 MP: 5/5
  2165 | D:3      | Found Qiumanon's Distillery.
  2169 | D:3      | Bought a potion of heal wounds for 50 gold pieces
  2169 | D:3      | Bought a potion of curing for 30 gold pieces
  2169 | D:3      | Bought a potion of curing for 30 gold pieces
  2169 | D:3      | Bought a potion of degeneration for 10 gold pieces
  2454 | D:4      | Identified the +2 robe of the Undertaker {rPois}
  2532 | D:4      | Noticed an ogre
  2539 | D:4      | Killed an ogre
  2665 | D:4      | Reached XP level 6. HP: 30/47 MP: 6/6
  2874 | D:4      | Identified the +3 robe of Feidoaxa {rF+ rC+++ Dex-4}
  2936 | D:4      | Reached skill level 6 in Ranged Weapons
  3306 | D:5      | Entered Level 5 of the Dungeon
  3361 | D:5      | Reached XP level 7. HP: 53/53 MP: 7/7
  4097 | D:5      | Found a staircase to the Ecumenical Temple.
  4106 | D:5      | Reached skill level 7 in Ranged Weapons
  4112 | Temple   | Entered the Ecumenical Temple
  4119 | Temple   | Became a worshipper of Hepliaklqana the Forgotten
  4141 | D:5      | Noticed a water moccasin
  4155 | D:5      | Killed a water moccasin
  4156 | D:5      | Reached XP level 8. HP: 27/61 MP: 8/8
  5048 | D:6      | Reached skill level 5 in Fighting
  5048 | D:6      | Reached skill level 5 in Stealth
  5195 | D:6      | Reached skill level 8 in Ranged Weapons
  5558 | D:6      | Noticed Pikel
  5577 | D:6      | HP: 3/62 [lemure[Pikel] (6)]
  5580 | D:6      | Slain by a lemure

Illustrated notes

Levels and vault maps discovered:
D:1:      ebering_hopf_link, layout_basic, serial_shops,
          nicolae_shop_just_a_little_nook
D:2:      layout_rooms, uniq_jessica
D:3:      layout_basic, nicolae_ru_awakened_eye, serial_shops, shop,
          chequers_big_river, roderic_roman_lattice, wad_floor_pattern_2
D:4:      layout_basic
D:5:      layout_basic, minmay_temple_entry_trees
D:6:      layout_basic, kennysheep_potato, uniq_pikel
Temple:   compressed_dpeg_triangle_lava_temple

Skill      XL: |  1  2  3  4  5  6  7  8 |
---------------+-------------------------+-----
Stealth        | 2 3 4 5 |  5.0
Ranged Weapons | 5 6 7 8 |  8.0
Fighting       | 3 4 5 |  5.1
Dodging        | |  2.0

Action                     |  1- 3 |  4- 6 |  7- 9 || total
---------------------------+-------+-------+-------++-------
  Melee: Shortbow          |       |       |     2 ||     2
         Dagger            |       |       |    35 ||    35
   Fire: Shortbow          |    76 |   139 |   151 ||   366
    Use: Scroll            |       |     4 |       ||     4
 Armour: Leather armour    |    13 |     2 |       ||    15
         Robe              |       |     9 |    66 ||    75
  Dodge: Dodged            |    27 |    38 |    95 ||   160
         Repelled          |       |       |     1 ||     1
